Steven, chaotic male elven Ranger --------- ---..|...%--- |.`..|...`.>| --...``.@``.--- |./...|..`..|<| |.`.`.....---^| |------...|.^^| |...`.`^---.^.| --.....^^^^^^-- |.`...`---..| ---..%...|--- -------- Steven the Trailblazer Experience level: 7 Strength: 14 Dexterity: 14 Constitution: 15 Intelligence: 14 Wisdom: 12 Charisma: 11 Health: 50(50) Energy: 33(33) Def: 13 Gold: 769 Moves: 4467 Dungeon seed: GY6nhSZjeV9lWI1J Game ID: Steven_1440125850 Your Inventory: Coins $ - 769 gold pieces Weapons a - an uncursed +1 elven dagger (alternate weapon; not wielded) b - an uncursed +2 elven bow (weapon in hand) c - 59 uncursed +2 elven arrows (in quiver) d - 39 uncursed +0 elven arrows Armor e - a blessed +2 elven cloak (being worn) q - an uncursed +0 dwarvish mithril-coat (being worn) r - an uncursed +0 dwarvish iron helm (being worn) Comestibles f - 5 uncursed lembas wafers i - an uncursed pancake E - an uncursed cream pie X - an uncursed eucalyptus leaf Scrolls g - an uncursed scroll of scare monster t - 2 uncursed scrolls of create monster w - an uncursed scroll of teleportation A - 2 uncursed scrolls of confuse monster D - an uncursed scroll of earth H - an uncursed scroll of enchant armor N - a blessed scroll of earth V - 2 uncursed scrolls of identify Spellbooks L - an uncursed spellbook of healing Y - an uncursed spellbook of light Potions p - an uncursed potion of confusion s - an uncursed potion of gain ability u - an uncursed potion of invisibility G - an uncursed potion of fruit juice Q - 2 uncursed potions of object detection Rings O - an uncursed +2 ring of protection (on left hand) Z - an uncursed ring of poison resistance Tools v - an uncursed skeleton key P - an uncursed brass lantern (0:1153) W - 7 uncursed tallow candles (0:200) Gems n - an uncursed touchstone Spells and supernatural/magical abilities: Name Level Category Fail Memory h - healing 1 healing 100% 84% l - light 1 divination 100% 89% W - pray for help -- divine ? -- Your skills at the end: Fighting Skills Weapon Skills dagger [Basic] bow [Skilled] Spellcasting Skills Final Attributes: You were piously aligned. You were sleep resistant. You were telepathic. You had automatic searching. You had infravision. You were stealthy. You were protected. You survived. Vanquished creatures: a large mimic a small mimic a dwarf king a wolf a leprechaun 2 giant spiders an owlbear 2 gnome mummies a rock piercer a rock mole a pony a violet fungus 3 gnome lords 3 gnomish wizards a red naga hatchling a straw golem 2 little dogs 3 floating eyes 4 dwarves 2 giant bats a dwarf zombie a wererat a werejackal 2 iguanas 5 coyotes a gas spore a hobbit a cave spider 2 brown molds a yellow mold 2 green molds 18 gnomes 2 gnome zombies 5 geckos 4 jackals 3 foxen 4 kobolds 3 goblins a sewer rat 7 grid bugs 2 bats 3 lichens 4 newts 107 creatures vanquished. Voluntary challenges: You used a wielded weapon 64 times, starting on turn 131. You read items or engraved 5 times, starting on turn 1239. You never genocided any monsters. You never polymorphed an object. You changed form 1 time, starting on turn 2720. You used no wishes. You never split a pudding. You never wrote Elbereth's name. You never violated your personal moral code. Dungeon overview: The Dungeons of Doom: levels 1 to 9 Level 1 a long staircase Level 2 an altar to Mars, a fountain stairs to The Gnomish Mines Level 3 Level 4 a fountain Level 5 a fountain Level 6 Level 7 many fountains Level 8 an altar to Venus, some fountains stairs to Sokoban Level 9 The Gnomish Mines: levels 3 to 5 Level 3 stairs to The Dungeons of Doom Level 4 Level 5 many shops, a temple to Mercury, some fountains Sokoban: Level 7 <- You were here stairs to The Dungeons of Doom History has recorded: On T:1 you entered the Dungeons of Doom to retrieve the Amulet of Yendor! On T:144 you reached level 2 of The Dungeons of Doom. On T:251 you advanced to experience level 2. On T:403 you reached level 3 of The Dungeons of Doom. On T:545 you reached level 1 of The Gnomish Mines. On T:577 you reached level 2 of The Gnomish Mines. On T:600 you advanced to experience level 3. On T:622 you advanced to experience level 4. On T:861 you advanced to experience level 5. On T:980 you reached level 3 of The Gnomish Mines. On T:1185 you advanced to experience level 6. On T:1889 you reached level 4 of The Dungeons of Doom. On T:1941 you reached level 5 of The Dungeons of Doom. On T:3203 you reached level 6 of The Dungeons of Doom. On T:3531 you advanced to experience level 7. On T:3615 you reached level 7 of The Dungeons of Doom. On T:4045 you reached level 8 of The Dungeons of Doom. On T:4145 you reached level 4 of Sokoban. On T:4351 you reached level 9 of The Dungeons of Doom. Score breakdown: Gold: 769 ( 76 points) Experience: 7 levels ( 600 points) Exploration: 9 levels ( 240 points) Discoveries: 12 items ( 600 points) Variety of kills: 43 monsters ( 2000 points) Major goal: (nothing yet) ( 0 points) Survival: quit (score multiplied by 3) Total score: 10548 Latest messages: s - an uncursed swirly potion. p - an uncursed yellow potion. z - a cursed yellow potion. n - an uncursed gray stone. You have a special ability in this form: 'summon allies'. You can cast it like a spell. You can't even move a handspan with this load! Q - 2 uncursed murky potions. Z - an uncursed gold ring. O - an uncursed moonstone ring. P - an uncursed brass lantern. v - an uncursed key. W - 7 uncursed tallow candles. 7 tallow candles land on the altar. Your movements are now unencumbered. Final status: Goodbye Steven the Ranger, quit... You quit in Sokoban on dungeon level 7 with 10548 points, and 769 pieces of gold, after 4467 moves. You were level 7 with a maximum of 50 hit points when you quit.